 Dungeon Crawl Stone Soup version 0.28-a0-479-g5baa6b73be (webtiles) character file.

Game seed: 14664061867955376128

2233 dolemite99 the Frost Mage (level 9, 0/61 (65) HPs)
             Began as a Gnoll Ice Elementalist on Sept 19, 2021.
             Was an Initiate of Gozag.
             Slain by a wight (3 damage)
             ... on level 6 of the Dungeon.
             The game lasted 00:11:06 (9090 turns).

dolemite99 the Frost Mage (Gnoll Ice Elementalist)  Turns: 9090, Time: 00:11:07

HP:   0/61 (65)     AC:  8    Str:  8    XL:     9   Next: 36%
MP:   15/18         EV: 14    Int: 18    God:    Gozag
Gold: 568           SH:  0    Dex: 12    Spells: 15/21 levels left

rFire   . . .      SeeInvis .   e - +2 short sword (elec)
rCold   . . .      Faith    .   (no shield)
rNeg    + . .      Spirit   .   a - +0 robe
rPois   .          Reflect  .   y - +1 helmet
rElec   .          Harm     .   x - +1 cloak
rCorr   +          Rampage  .   (no gloves)
Will    .....                   d - +1 pair of boots
Stlth   +++.......              F - amulet of magic regeneration
HPRegen 0.20/turn               o - ring of positive energy
MPRegen 0.41/turn               w - ring of resist corrosion

@: freezing walls, drained
A: fangs 1, strong nose, distributed training
a: Renounce Religion, Potion Petition, Call Merchant, Bribe Branch


You were on level 6 of the Dungeon.
You worshipped Gozag.
Gozag was pleased with you.
You visited 1 branch of the dungeon, and saw 7 of its levels.

You collected 611 gold pieces.
You paid 43 gold pieces to Gozag.

Inventory:

Hand Weapons
 c - a +0 dagger
 e - a +2 short sword of electrocution (weapon)
Missiles
 f - 107 stones
 i - 27 sling bullets
 k - 11 arrows
 u - 3 javelins
 C - 2 throwing nets
 H - a curare-tipped dart
 I - 14 poisoned darts
Armour
 a - a +0 robe (worn)
 d - a +1 pair of boots (worn)
 x - a +1 cloak (worn)
 y - a +1 helmet (worn)
Jewellery
 b - an amulet of the acrobat
 o - a ring of positive energy (left hand)
 q - an amulet of regeneration
 w - a ring of resist corrosion (right hand)
 F - an amulet of magic regeneration (around neck)
Wands
 l - a wand of flame (12) (quivered)
 B - a wand of polymorph (14)
 J - a wand of paralysis (5)
Scrolls
 g - 3 scrolls of teleportation
 h - a scroll of blinking
 p - a scroll of amnesia {unknown}
 s - 2 scrolls of fog
 v - 2 scrolls of noise {unknown}
 E - a scroll of identify {@r1}
 G - a scroll of magic mapping {unknown}
Potions
 m - 3 potions of attraction {unknown}
 n - 3 potions of flight
 r - a potion of mutation {unknown}
 t - a potion of degeneration {unknown}
 z - a potion of might {unknown}
 A - 2 potions of berserk rage {unknown}
 D - a potion of heal wounds {unknown}


   Skills:
 + Level 4.1 Fighting
 + Level 4.1 Short Blades
 + Level 4.1 Long Blades
 + Level 4.1 Axes
 + Level 4.1 Maces & Flails
 + Level 4.1 Polearms
 + Level 4.1 Staves
 + Level 4.1 Slings
 + Level 4.1 Bows
 + Level 4.1 Crossbows
 + Level 4.1 Throwing
 + Level 4.1 Armour
 + Level 6.2 Dodging
 + Level 6.0 Stealth
 + Level 4.1 Shields
 + Level 4.1 Unarmed Combat
 + Level 6.6 Spellcasting
 + Level 3.4 Conjurations
 + Level 3.4 Hexes
 + Level 3.4 Summonings
 + Level 3.4 Necromancy
 + Level 3.4 Translocations
 + Level 3.4 Transmutations
 + Level 3.4 Fire Magic
 + Level 8.0 Ice Magic
 + Level 3.4 Air Magic
 + Level 3.4 Earth Magic
 + Level 3.4 Poison Magic
 + Level 4.6 Invocations
 + Level 4.1 Evocations


You had 15 spell levels left.
You knew the following spells:

 Your Spells              Type           Power      Damage    Failure   Level
a - Freeze                Ice            100%       1d11      1%          1
b - Frozen Ramparts       Ice            68%        1d8       1%          3
c - Call Imp              Summ           18%        N/A       4%          2

Your spell library contained the following spells:

 Spells                   Type           Power      Damage    Failure   Level
 Ozocubu's Armour         Ice            34%        N/A       1%          3
 Magic Dart               Conj           72%        1d6       2%          1
 Summon Small Mammal      Summ           72%        N/A       2%          1
 Call Canine Familiar     Summ           18%        N/A       9%          3
 Mephitic Cloud           Conj/Pois/Air  18%        N/A       9%          3
 Portal Projectile        Hex/Tloc       36%        N/A       9%          3
 Stone Arrow              Conj/Erth      36%        3d9       9%          3
 Summon Guardian Golem    Hex/Summ       18%        N/A       9%          3
 Hailstorm                Conj/Ice       26%        3d7       11%         4
 Cause Fear               Hex            9%         N/A       26%         4
 Lee's Rapid Deconstruct  Erth           9%         3d8*      58%         5
 Yara's Violent Unravell  Hex/Tmut       9%         3d6       58%         5


Dungeon Overview and Level Annotations

Branches:
Dungeon (7/15)             Temple (0/1) D:6

Altars:
Cheibriados
Fedhas
Gozag

Shops:
D:1 !

Annotations:
D:2 exclusion: downstairs


Innate Abilities, Weirdness & Mutations

You have very sharp teeth.
Your uncanny sense of smell can sniff out nearby items.
Your experience applies equally to all skills.


Message History

You feel sick.
Casting: Frozen Ramparts (safe; 1% risk of failure)
Confirm with . or Enter, or press ? or * to list all spells.
Casting: Frozen Ramparts (safe; 1% risk of failure)
Press: ? - help, Dir - look around, f - activate The walls around you are covered in ice.
You feel sick.
The wight completely resists.
The wall freezes the wight but does no damage.
The wight hits you with a +4 war axe of freezing!
You partially resist.
You feel drained. The wight freezes you.
Casting: Frozen Ramparts (safe; 1% risk of failure)
Confirm with . or Enter, or press ? or * to list all spells.
Aiming: Freeze (safe; 1% risk of failure)
Press: ? - help, Shift-Dir - straight line, f - wight
Aim: a wight, wielding a +4 war axe of freezing and wearing a +0 robe You freeze the wight but do no damage.
The wight completely resists.
You feel sick.
The wight completely resists.
The wall freezes the wight but does no damage.
The wight hits you with a +4 war axe of freezing!
* * * LOW HITPOINT WARNING * * *
The wight freezes you.
* * * LOW HITPOINT WARNING * * *
The wight completely resists.
The wall freezes the wight but does no damage.
You feel better.
The wight completely resists.
The wall freezes the wight but does no damage.
The wight hits you with a +4 war axe of freezing!
* * * LOW HITPOINT WARNING * * *
You partially resist.
You feel drained.
* * * LOW HITPOINT WARNING * * *
The wight freezes you.
* * * LOW HITPOINT WARNING * * *
The wight resists.
The wall freezes the wight.
You hit the wight but do no damage. You punch the wight, but do no damage.
The wight resists.
The wall freezes the wight.
The wight hits you with a +4 war axe of freezing!
* * * LOW HITPOINT WARNING * * *
The wight freezes you.
You die...
Your body crumbles into a pile of gold.

#.###..............# ##........
#..#####...........# #..##.#...
##.# ##.........### #.###.#...
#.## ##..........####.##..####
#..# ####.#####......##.#####
###.## #.## ##........#....
.....##### #..# #.............
###......#####.#####.......##....
###...........@zzg>.....#######
#....#####..####z............
###......#.)##...............
##...#.#.[#................
###......)................
##.###....#b##.#........
###.......................
#####.............##.#........
####.....##.#.#.......#.#..###...


You could see 3 wights and a gnoll.

Vanquished Creatures
  5 yaks (D:5)
  Menkaure (D:5)
  A water moccasin (D:3)
  A hornet zombie (D:6)
  An ice beast (D:5)
  2 kobold brigands
  2 bullfrogs (D:6)
  A gnoll sergeant (D:3)
  A wight (D:6)
  5 hounds
  A bullfrog skeleton (D:5)
  2 jellies
  2 orc priests (D:6)
  Crazy Yiuf (D:5)
  A centaur skeleton (D:4)
  Ijyb (D:3)
  An iguana (D:5)
  An orc wizard (D:6)
  A killer bee zombie (D:6)
  A mummy (D:3)
  3 gnolls (D:3)
  7 adders
  A white imp (D:3)
  A worm (D:4)
  2 dart slugs
  10 orcs
  An endoplasm (D:2)
  5 giant cockroaches
  7 hobgoblins
  3 jackals (D:1)
  2 quokkas (D:1)
  11 ball pythons
  8 bats
  3 frilled lizards
  7 goblins
  18 kobolds
  7 rats
128 creatures vanquished.

Vanquished Creatures (collateral kills)
  An ogre (D:4)
1 creature vanquished.

Vanquished Creatures (others)
  2 fungi (D:5)
  8 plants (D:5)
10 creatures vanquished.

Grand Total: 139 creatures vanquished

Notes
Turn   | Place    | Note
-------+----------+-------------------------------------------
     0 | D:1      | dolemite99 the Gnoll Ice Elementalist began the quest for
                  | the Orb.
     0 | D:1      | Reached XP level 1. HP: 13/13 MP: 6/6
   396 | D:1      | Found Kirijym's Distillery.
   436 | D:1      | Reached XP level 2. HP: 10/19 MP: 2/7
  1607 | D:2      | Reached XP level 3. HP: 25/25 MP: 6/9
  1667 | D:2      | Reached skill level 5 in Spellcasting
  1846 | D:2      | Reached skill level 1 in Invocations
  2221 | D:2      | Reached skill level 1 in Fighting
  2221 | D:2      | Reached skill level 1 in Short Blades
  2221 | D:2      | Reached skill level 1 in Long Blades
  2221 | D:2      | Reached skill level 1 in Axes
  2221 | D:2      | Reached skill level 1 in Maces & Flails
  2221 | D:2      | Reached skill level 1 in Polearms
  2221 | D:2      | Reached skill level 1 in Staves
  2221 | D:2      | Reached skill level 1 in Slings
  2221 | D:2      | Reached skill level 1 in Bows
  2221 | D:2      | Reached skill level 1 in Crossbows
  2221 | D:2      | Reached skill level 1 in Throwing
  2221 | D:2      | Reached skill level 1 in Armour
  2221 | D:2      | Reached skill level 1 in Shields
  2221 | D:2      | Reached skill level 1 in Unarmed Combat
  2221 | D:2      | Reached skill level 1 in Evocations
  2344 | D:3      | Found a faded altar of an unknown god.
  2349 | D:3      | HP: 1/26 [white imp/puff of frost (5)]
  2893 | D:3      | Noticed Ijyb
  2898 | D:3      | Killed Ijyb
  2899 | D:3      | Reached XP level 4. HP: 30/32 MP: 4/11
  2984 | D:3      | Reached skill level 1 in Conjurations
  2984 | D:3      | Reached skill level 1 in Hexes
  2984 | D:3      | Reached skill level 1 in Summonings
  2984 | D:3      | Reached skill level 1 in Necromancy
  2984 | D:3      | Reached skill level 1 in Translocations
  2984 | D:3      | Reached skill level 1 in Transmutations
  2984 | D:3      | Reached skill level 1 in Fire Magic
  2984 | D:3      | Reached skill level 1 in Air Magic
  2984 | D:3      | Reached skill level 1 in Earth Magic
  2984 | D:3      | Reached skill level 1 in Poison Magic
  3178 | D:3      | Noticed a water moccasin
  3189 | D:3      | Killed a water moccasin
  3190 | D:3      | Reached XP level 5. HP: 30/38 MP: 6/12
  3403 | D:3      | Learned a level 3 spell: Frozen Ramparts
  3672 | D:3      | Reached XP level 6. HP: 44/44 MP: 11/13
  3713 | D:3      | Reached skill level 5 in Dodging
  4106 | D:3      | Found a snail-covered altar of Cheibriados.
  4464 | D:4      | Found an opulent altar of Gozag.
  4470 | D:4      | Became a worshipper of Gozag Ym Sagoz the Greedy
  4510 | D:4      | Got the Reference Book on the Earthen Oath
  4651 | D:4      | Learned a level 2 spell: Call Imp
  4721 | D:4      | Reached XP level 7. HP: 37/51 MP: 8/15
  4947 | D:5      | Entered Level 5 of the Dungeon
  4985 | D:5      | Found a blossoming altar of Fedhas.
  5321 | D:5      | Reached skill level 5 in Stealth
  5649 | D:5      | Found a runed translucent door.
  5650 | D:5      | Noticed Crazy Yiuf
  5657 | D:5      | Killed Crazy Yiuf
  5932 | D:5      | Noticed Menkaure
  5954 | D:5      | Killed Menkaure
  5955 | D:5      | Reached XP level 8. HP: 38/57 MP: 12/16
  6393 | D:6      | Noticed a yak
  6393 | D:6      | Noticed a yak
  6393 | D:6      | Noticed a yak
  6393 | D:6      | Noticed a yak
  6393 | D:6      | Noticed a yak
  6514 | D:5      | Killed a yak
  6602 | D:5      | Killed a yak
  6604 | D:5      | Killed a yak
  6867 | D:5      | Killed a yak
  7119 | D:5      | Killed a yak
  7120 | D:5      | Reached XP level 9. HP: 47/65 MP: 9/18
  8521 | D:6      | Reached skill level 8 in Ice Magic
  8618 | D:6      | Found a staircase to the Ecumenical Temple.
  9090 | D:6      | HP: 3/61 [wight (10)]
  9090 | D:6      | Slain by a wight

Illustrated notes

Levels and vault maps discovered:
D:1:      ncdulo_halloftheorcs, layout_loops_ring, serial_shops,
          nicolae_shop_stone
D:2:      layout_rooms
D:3:      minmay_inner_zag, layout_basic, slow_altar_2, basic_ecumenical_altar,
          kennysheep_generic_room_10, uniq_ijyb
D:4:      layout_gridville, grunt_gozag_statues
D:5:      layout_basic, lemuel_round_altar, lexackson_kobold_supper,
          uniq_menkaure, uniq_crazy_yiuf_cottage
D:6:      layout_rooms, minmay_temple_entry_butterflies
D:7:      layout_basic, elyvilon_altar_3

Skill      XL: |  1  2  3  4  5  6  7  8  9 |
---------------+----------------------------+-----
Spellcasting   | 5 6 |  6.6
Invocations    | 1 2 3 4 |  4.6
Fighting       | 1 2 3 4 |  4.1
Short Blades   | 1 2 3 4 |  4.1
Long Blades    | 1 2 3 4 |  4.1
Axes           | 1 2 3 4 |  4.1
Maces & Flails | 1 2 3 4 |  4.1
Polearms       | 1 2 3 4 |  4.1
Staves         | 1 2 3 4 |  4.1
Slings         | 1 2 3 4 |  4.1
Bows           | 1 2 3 4 |  4.1
Crossbows      | 1 2 3 4 |  4.1
Throwing       | 1 2 3 4 |  4.1
Armour         | 1 2 3 4 |  4.1
Shields        | 1 2 3 4 |  4.1
Unarmed Combat | 1 2 3 4 |  4.1
Evocations     | 1 2 3 4 |  4.1
Conjurations   | 1 2 3 |  3.4
Hexes          | 1 2 3 |  3.4
Summonings     | 1 2 3 |  3.4
Necromancy     | 1 2 3 |  3.4
Translocations | 1 2 3 |  3.4
Transmutations | 1 2 3 |  3.4
Fire Magic     | 1 2 3 |  3.4
Air Magic      | 1 2 3 |  3.4
Earth Magic    | 1 2 3 |  3.4
Poison Magic   | 1 2 3 |  3.4
Dodging        | 5 6 |  6.2
Stealth        | 5 6 |  6.0
Ice Magic      | 8 |  8.0

Action                   |  1- 3 |  4- 6 |  7- 9 || total
-------------------------+-------+-------+-------++-------
Melee: Unarmed           |     1 |       |       ||     1
       Short sword       |    27 |    22 |    66 ||   115
       Bite              |     3 |     2 |     4 ||     9
       Punch             |     1 |       |     2 ||     3
 Cast: Freeze            |    54 |    31 |    58 ||   143
       Frozen Ramparts   |       |     6 |    15 ||    21
       Call Imp          |       |     2 |     2 ||     4
Evoke: Wand              |       |     3 |     1 ||     4
  Use: Scroll            |     1 |     1 |     5 ||     7
       Potion            |       |       |     1 ||     1
 Stab: Sleeping          |       |     1 |       ||     1
Armor: Robe              |    13 |    14 |    32 ||    59
Dodge: Dodged            |    49 |    47 |   106 ||   202

Table legend: (Time is in decaauts)
 A = Elapsed time spent in this place.
 B = Non-inter-level travel time spent in this place.
 C = Inter-level travel time spent in this place.
 D = Time resting spent in this place.
 E = Time spent auto-exploring this place.
 F = Levels seen in this place.
 G = Mean time per level.
                   A        B        C        D        E       F      G
               +--------+--------+--------+--------+--------+-----+--------+
         Total |   9103 |   8826 |    277 |   3989 |   3388 |   7 | 1300.4 |
       Dungeon |   9103 |   8826 |    277 |   3989 |   3388 |   7 | 1300.4 |
               +--------+--------+--------+--------+--------+-----+--------+

Top non-repeatable levels by time:
     D:5: 2806 daAuts
     D:1: 1585 daAuts
     D:3: 1490 daAuts
     D:2: 1208 daAuts
     D:6: 1082 daAuts
     D:4: 922 daAuts
     D:7: 8 daAuts
